 Dungeon Sprint DCSS version 0.23-a0-447-g7b583b2f2c (webtiles) character file.

58 Jannitor the Cudgeler (level 3, -5/31 HPs)
             Began as a Demonspawn Monk on Nov 19, 2018.
             Was a Believer of Okawaru.
             Slain by a human (9 damage)
             ... in the Dungeon (Sprint III: "The Ten Rune Challenge").
             The game lasted 00:02:02 (561 turns).

Jannitor the Cudgeler (Demonspawn Monk)              Turns: 561, Time: 00:02:03

Health: -5/31      AC:  4    Str: 17    XL:     3   Next: 75%
Magic:  2/3        EV: 14    Int: 11    God:    Okawaru [**....]
Gold:   22         SH:  0    Dex: 17    Spells: 2/2 levels left

rFire    . . .     SeeInvis .   a - +0 mace
rCold    . . .     Gourm    .   (no shield)
rNeg     . . .     Faith    .   b - +0 robe
rPois    .         Spirit   .   (helmet restricted)
rElec    .         Reflect  .   (no cloak)
rCorr    .         Harm     .   (no gloves)
MR       .....     NoTele   +   (no boots)
Stlth    ++........             (no amulet)
HPRegen  0.10/turn              (no ring)
MPRegen  0.08/turn              (no ring)

@: mighty, flying, very slightly contaminated
A: beak, iridescent scales 1, agile 1, powered by pain 1, evolution 1
a: Heroism, Renounce Religion


You were in the Dungeon.
You worshipped Okawaru.
Okawaru was pleased with you.
You were not hungry.

You visited 1 branch You collected 22 gold pieces.

Inventory:

Hand Weapons
 a - a +0 mace (weapon)
Armour
 b - a +0 robe (worn)
Scrolls
 e - a scroll of immolation {unknown}
 k - 3 scrolls of identify
 l - a scroll of torment {unknown}
 m - 3 scrolls of remove curse {unknown}
Potions
 d - 2 potions of curing
 g - 2 potions of magic
 o - a potion of flight
Comestibles
 c - 3 rations


   Skills:
 + Level 4.7 Fighting
 * Level 5.5 Maces & Flails
 + Level 4.3 Dodging
 - Level 1.7 Stealth


You had 2 spell levels left.
You didn't know any spells.
Your spell library was empty.

Dungeon Overview and Level Annotations

Branches:
Dungeon (1/1)

Altars:
Okawaru
Trog
Uskayaw
Wu Jian
Beogh


Innate Abilities, Weirdness & Mutations

You are partially covered in iridescent scales. (AC +2)
You sometimes gain a little power by taking damage.
You have a beak for a mouth.
You are agile. (Dex +2)
You evolve.


Message History

The human is severely wounded.
The human completely misses you. The human misses you.
You hit the human but do no damage. You peck the human, but do no damage.
The human is severely wounded.
The human hits you!
* * * LOW HITPOINT WARNING * * *
You focus on the pain.
You feel very mighty all of a sudden.
You feel like a meek peon again. The human completely misses you.
You hit the human. You peck the human.
The human is almost dead.
You hit the human.
The human is almost dead.
You feel yourself slow down.
You barely miss the human.
The human is almost dead.
The human hits you!
You die...

▓▓▓▓▓▓▓▓▓▓▓ ▓▓▓
▓<.#..'...♣♣♣♣ ♣.# #####
▓..#..#....♣.♣ ♣.# #§__#
▓#'####.....♣♣ ♣.# #E_)#
▓.....#....≈.♣♣♣♣.###+#'###
▓.....#...≈≈.♣.♣♣.#....p...
▓.....#..≈@p≈♣....'p⌠......
▓####'#..p≈≈≈≈≈.♣.#...#####
▓....÷#.≈≈≈≈≈≈....#.⌠.#
▓.....#.≈≈≈≈≈.....#...#
▓.[...#.≈≈≈.......#+###
▓'#####...........#
▓.................#
▓▓▓▓▓▓▓▓▓▓▓▓▓▓▓▓▓▓▓


You could see 2 humans.

Vanquished Creatures
  Jessica (D)
  A human (D)
  2 oozes (D)
  A phantom (D)
  A rat (D)
6 creatures vanquished.

Vanquished Creatures (others)
  2 draconian scorchers (D)
  A yaktaur (D)
  6 hellions (D)
9 creatures vanquished.

Grand Total: 15 creatures vanquished

Notes
Turn   | Place    | Note
-------+----------+-------------------------------------------
     0 | D        | Jannitor the Demonspawn Monk began the quest for the Orb.
     0 | D        | Reached XP level 1. HP: 18/18 MP: 1/1
     7 | D        | Reached skill level 3 in Maces & Flails
    16 | D        | Gained mutation: You are partially covered in iridescent
                  | scales. (AC +2) [demonic ancestry]
    16 | D        | Reached XP level 2. HP: 18/24 MP: 2/2
    85 | D        | Noticed Jessica
   103 | D        | Killed Jessica
   103 | D        | Reached skill level 4 in Maces & Flails
   103 | D        | Gained mutation: You sometimes gain a little power by
                  | taking damage. [demonic ancestry]
   103 | D        | Reached XP level 3. HP: 26/31 MP: 3/3
   110 | D        | Killed a hellion
   111 | D        | Killed a hellion
   124 | D        | Killed a hellion
   167 | D        | Killed a hellion
   169 | D        | Killed a white draconian scorcher
   180 | D        | Reached skill level 5 in Maces & Flails
   183 | D        | Killed a white draconian scorcher
   194 | D        | Gained mutation: Your muscles are strong. (Str +2) [potion
                  | of mutation]
   194 | D        | Gained mutation: You are frail. (-10% HP) [potion of
                  | mutation]
   194 | D        | Gained mutation: You have a beak for a mouth. [potion of
                  | mutation]
   194 | D        | Gained mutation: You have an increased reservoir of magic.
                  | (+10% MP) [potion of mutation]
   248 | D        | Killed a hellion
   285 | D        | Killed a hellion
   372 | D        | Killed a yaktaur
   447 | D        | Lost mutation: Your muscles are strong. (Str +2) [potion of
                  | mutation]
   447 | D        | Lost mutation: You are frail. (-10% HP) [potion of
                  | mutation]
   447 | D        | Lost mutation: You have an increased reservoir of magic.
                  | (+10% MP) [potion of mutation]
   447 | D        | Gained mutation: You evolve. [potion of mutation]
   447 | D        | Gained mutation: You are agile. (Dex +2) [potion of
                  | mutation]
   499 | D        | Noticed a water elemental
   516 | D        | Found a hide-covered altar of Uskayaw.
   516 | D        | Found a roughly hewn altar of Beogh.
   516 | D        | Found an iron altar of Okawaru.
   516 | D        | Found a bloodstained altar of Trog.
   516 | D        | Found an ornate altar of the Wu Jian Council.
   516 | D        | Noticed a human
   516 | D        | Noticed a human
   520 | D        | Became a worshipper of Warmaster Okawaru
   520 | D        | Reached * piety under Okawaru
   520 | D        | Reached ** piety under Okawaru
   561 | D        | Slain by a human

Vault maps used:
D:        dungeon_sprint_mu

Skill      XL: |  1  2  3 |
---------------+----------+-----
Maces & Flails | 3 4 5 |  5.5
Dodging        | 3 4 |  4.3
Fighting       | 4 |  4.7
Stealth        | |  1.7

Action                   || total
-------------------------++-------
Melee: Mace              ||    65
       Peck              ||     5
Invok: Heroism           ||     1
  Use: Potion            ||     8
       Scroll            ||     1
 Stab: Sleeping          ||     1
Armor: Robe              ||    13
       Skin              ||     2
Dodge: Dodged            ||    36

Table legend:
 A = Non-vault XP
 B = Vault XP
 C = Vault XP percentage of total XP
 D = Non-vault monster count
 E = Vault monster count
 F = Vault count percentage of total count
                 A         B        C        D         E       F
            +---------+---------+-------+---------+---------+-------
      Total |       0 |      83 | 100.0 |       0 |       6 | 100.0
            +---------+---------+-------+---------+---------+-------
          D |       0 |      83 | 100.0 |       0 |       6 | 100.0
            +---------+---------+-------+---------+---------+-------
